 Dungeon Crawl Stone Soup version 0.16.2-12-gd0ad4c3 (webtiles) character file.

2413 faibistes the Thaumaturge (level 9, -2/45 HPs)
             Began as a Deep Elf Wizard on June 12, 2019.
             Was a Priest of Sif Muna.
             Slain by a manticore (25 damage)
             ... on level 6 of the Dungeon.
             The game lasted 00:27:18 (9978 turns).

faibistes the Thaumaturge (Deep Elf Wizard)         Turns: 9978, Time: 00:27:18

Health: -2/45      AC:  6    Str:  4      XL:     9   Next: 23%
Magic:  28/29      EV: 14    Int: 27      God:    Sif Muna [***...]
Gold:   395        SH:  0    Dex: 12 (13) Spells: 6 memorised, 14 levels left

rFire  . . .     SeeInvis .     w - +2 dagger (venom)
rCold  . . .     Clarity  .     a - +0 robe
rNeg   + . .     SustAb   .     (no shield)
rPois  .         Gourm    .     j - +2 helmet
rElec  +         Spirit   .     (no cloak)
rCorr  .         Warding  +     A - +0 pair of gloves
rMut   .         Stasis   .     (no boots)
MR     ++...                    g - amulet of warding
Stlth  ++........               F - ring of protection from magic
                                v - ring of protection from magic

@: repel missiles, very resistant to hostile enchantments, unstealthy
A: electricity resistance
a: Channel Energy, Forget Spell, Renounce Religion


You were on level 6 of the Dungeon.
You worshipped Sif Muna.
Sif Muna was most pleased with you.
You were hungry.

You visited 2 branches of the dungeon, and saw 11 of its levels.
You also visited: Sewer.

You collected 395 gold pieces.

Inventory:

Hand weapons
 n - a cursed +0 dagger
 w - a +2 dagger of venom (weapon)
 y - a +1 short sword of flaming
Armour
 a - a +0 robe (worn)
 j - a +2 helmet (worn)
 A - a +0 pair of gloves (worn)
Jewellery
 g - an amulet of warding (around neck)
 v - a ring of protection from magic (left hand)
 F - a ring of protection from magic (right hand)
Magical devices
 l - a wand of paralysis (8)
 z - a wand of magic darts (18)
 G - a wand of draining (7)
 H - a wand of digging (13)
Scrolls
 b - a scroll of vulnerability {unknown}
 i - a scroll of silence {unknown}
 k - a scroll of fog {unknown}
 q - a scroll of remove curse
 u - a scroll of blinking {unknown}
 B - 4 scrolls of fear
 E - a scroll of random uselessness {unknown}
 J - 4 scrolls of teleportation
Potions
 e - 3 potions of curing
 h - 2 potions of magic
 m - 2 potions of might
 p - a potion of restore abilities {unknown}
 r - a potion of resistance {unknown}
 s - 2 potions of flight
 t - 2 potions of invisibility
 x - a potion of cancellation {unknown}
 D - a potion of mutation {unknown}
Books
 c - a book of Minor Magic

   Spells                             Type                      Level
   a - Magic Dart                     Conjuration                  1
   b - Blink                          Translocation                2
   c - Call Imp                       Summoning                    2
   d - Repel Missiles                 Charms/Air                   2
   e - Slow                           Hexes                        2
   f - Conjure Flame                  Conjuration/Fire             3
   g - Mephitic Cloud                 Conjuration/Poison/Air       3
Comestibles
 d - a bread ration
 f - 5 meat rations
 o - a slice of pizza
 C - 2 fruits
 I - 6 chunks of flesh


   Skills:
 + Level 0.0 Fighting
 + Level 5.7 Dodging
 - Level 2.4 Stealth
 * Level 9.6 Spellcasting
 + Level 6.6 Conjurations
 + Level 1.1 Charms
 - Level 1.1 Summonings
 + Level 2.4 Translocations
 * Level 4.4 Fire Magic
 - Level 4.0 Air Magic
 - Level 3.0 Poison Magic
 * Level 1.6 Invocations
 + Level 0.8 Evocations


You had 14 spell levels left.
You knew the following spells:

 Your Spells              Type           Power        Failure   Level  Hunger
a - Magic Dart            Conj           ####         1%          1    None
b - Conjure Flame         Conj/Fire      #####...     1%          3    None
c - Call Imp              Summ           ###.....     4%          2    None
d - Blink                 Tloc           N/A          2%          2    None
e - Mephitic Cloud        Conj/Pois/Air  #####...     2%          3    None
f - Repel Missiles        Chrm/Air       ####..       2%          2    None


Dungeon Overview and Level Annotations

Branches:
Dungeon (10/15)            Temple (1/1) D:4
   Lair: D:8-11         Orc: D:9-12

Altars:
Ashenzari
Cheibriados
Dithmenos
Elyvilon
Fedhas
Gozag
Kikubaaqudgha
Makhleb
Nemelex Xobeh
Okawaru
Qazlal
Sif Muna
Trog
Vehumet
Xom
Yredelemnul
Zin
The Shining One


Innate Abilities, Weirdness & Mutations

You are resistant to electric shocks.


Message History

The manticore is engulfed in noxious fumes.
The manticore appears confused.
You hit the manticore but do no damage.
The manticore is moderately wounded.
The manticore is engulfed in noxious fumes.
You barely miss the manticore.
The manticore is heavily wounded.
You hit the manticore but do no damage.
The manticore is heavily wounded.
The manticore bites the orc.
The manticore barely misses the orc.
The manticore closely misses the orc.
You hit the manticore but do no damage.
The manticore is heavily wounded.
The orc closely misses you. The manticore barely misses you.
The manticore claws you! x2
You hit the manticore.
The manticore is severely wounded.
The orc barely misses you. The manticore bites you!!
Ouch! That really hurt!
You die...

##..###.###.#
##..##
#.....#
###..##
##...##
#...##
##...##
##..##
##.....#
##..##
##..##...
#..##
#.#####..
##.H# #.# ##.
#.@.# #.# #.
##.o# #.# #.
###.# #.# #.
#.# #.# #.
#.# #.# ##
#.# #.# # #
..# # #


You could see a manticore (confused) and an orc.

Vanquished Creatures
  A hippogriff (D:8)
  A water moccasin (D:8)
  Purgy (Sewer)
  2 sky beasts
  A black bear (D:6)
  2 ogres (D:4)
  A necrophage (D:7)
  A crocodile (D:8)
  Duvessa (D:7)
  A centaur (D:5)
  A gnoll sergeant (D:5)
  2 scorpions
  5 killer bees
  A wight (D:7)
  4 crimson imps
  A quasit (D:6)
  Dowan (D:7)
  2 centaur zombies (D:7)
  A centaur skeleton (D:5)
  2 hounds
  An orc wizard (D:6)
  3 worker ants
  2 iguanas
  A mummy (D:7)
  A hound skeleton (D:5)
  5 adders
  10 gnolls
  A shadow imp (D:5)
  5 giant mites
  5 worms
  2 adder zombies (D:5)
  9 orcs
  A bat skeleton (D:5)
  A bat zombie (D:7)
  6 giant cockroaches
  15 goblins
  16 hobgoblins
  9 jackals
  3 quokkas
  14 bats
  5 giant geckos
  A giant gecko zombie (D:5)
  7 giant newts
  A jackal skeleton (D:4)
  15 kobolds
  2 quokka skeletons
  9 rats
  A butterfly (D:4)
183 creatures vanquished.

Vanquished Creatures (collateral kills)
  A hound (D:3)
  2 adders
  A giant mite (D:3)
  A giant gecko (D:3)
  2 hobgoblins
  3 jackals (D:3)
  A goblin (D:1)
  A kobold (D:3)
12 creatures vanquished.

Vanquished Creatures (others)
  A shadow imp (D:3)
  2 white imps
3 creatures vanquished.

Grand Total: 198 creatures vanquished

Notes
Turn   | Place    | Note
--------------------------------------------------------------
     0 | D:1      | faibistes, the Deep Elf Wizard, began the quest for the Orb.
     0 | D:1      | Reached XP level 1. HP: 10/10 MP: 6/6
   547 | D:1      | Reached XP level 2. HP: 15/15 MP: 7/10
   574 | D:1      | Learned a level 2 spell: Blink
   577 | D:1      | Learned a level 2 spell: Call Imp
  1146 | D:1      | Reached skill level 5 in Spellcasting
  1517 | D:1      | Reached XP level 3. HP: 19/19 MP: 11/14
  1522 | D:1      | Learned a level 3 spell: Conjure Flame
  1526 | D:1      | Learned a level 3 spell: Mephitic Cloud
  2004 | D:3      | Reached XP level 4. HP: 18/24 MP: 7/17
  2032 | D:3      | Learned a level 2 spell: Repel Missiles
  2454 | D:3      | Reached skill level 6 in Spellcasting
  2455 | D:3      | Found a glowing drain.
  2481 | Sewer    | Entered a sewer
  2897 | Sewer    | Noticed Purgy
  2910 | Sewer    | Killed Purgy
  2910 | Sewer    | Reached XP level 5. HP: 28/28 MP: 3/21
  3871 | D:3      | Reached XP level 6. HP: 24/32 MP: 20/22
  3896 | D:3      | Reached skill level 7 in Spellcasting
  4218 | D:4      | Found a staircase to the Ecumenical Temple.
  4234 | Temple   | Entered the Ecumenical Temple
  4259 | Temple   | Became a worshipper of Sif Muna the Loreminder
  4623 | D:5      | Entered Level 5 of the Dungeon
  4750 | D:4      | Reached skill level 1 in Fire Magic
  4969 | D:4      | Gained mutation: You are resistant to electric shocks. [potion of beneficial mutation]
  5041 | D:4      | Reached skill level 1 in Air Magic
  5154 | D:4      | Reached XP level 7. HP: 36/36 MP: 13/25
  5598 | D:4      | Acquired Sif Muna's first power
  5664 | D:4      | Reached skill level 1 in Poison Magic
  5666 | D:4      | Reached skill level 8 in Spellcasting
  6222 | D:5      | Reached skill level 5 in Conjurations
  6227 | D:5      | Reached XP level 8. HP: 41/41 MP: 15/27
  6905 | D:4      | Noticed an ogre
  6913 | D:4      | Killed an ogre
  7482 | D:5      | Acquired Sif Muna's second power
  7997 | D:6      | Reached skill level 5 in Dodging
  8134 | D:6      | You fall through a shaft for 3 floors!
  8163 | D:10     | Entered Level 10 of the Dungeon
  8189 | D:8      | Reached skill level 9 in Spellcasting
  8713 | D:7      | Reached XP level 9. HP: 40/45 MP: 10/29
  9012 | D:7      | Noticed Duvessa
  9014 | D:7      | Noticed Dowan
  9032 | D:7      | Killed Duvessa
  9037 | D:7      | Killed Dowan
  9162 | D:6      | Reached skill level 1 in Invocations
  9409 | D:6      | You fall through a shaft!
  9654 | D:6      | Reached skill level 1 in Charms
  9967 | D:6      | Noticed a manticore
  9978 | D:6      | Slain by a manticore

Action                   |  1- 3 |  4- 6 |  7- 9 || total
-------------------------+-------+-------+-------++-------
Melee: Unarmed           |     2 |       |       ||     2
       Club              |     4 |       |       ||     4
       Dagger            |       |     7 |     9 ||    16
       Short sword       |       |    18 |    42 ||    60
 Cast: Magic Dart        |    65 |   151 |   324 ||   540
       Call Imp          |     3 |    13 |       ||    16
       Repel Missiles    |       |     2 |     1 ||     3
       Mephitic Cloud    |       |     6 |    21 ||    27
       Blink             |       |     5 |     7 ||    12
       Conjure Flame     |       |     5 |    30 ||    35
  Use: Scroll            |     6 |     7 |     5 ||    18
       Potion            |       |     1 |     2 ||     3
 Stab: Confused          |       |     1 |     1 ||     2
  Eat: Chunk             |     1 |     7 |    10 ||    18
       Bread ration      |     1 |       |     1 ||     2
